 Dungeon Crawl Stone Soup version 0.20.1-1-g8b1a95d (webtiles) character file.

439 tidbits the Insei (level 6, -2/46 HPs)
             Began as a Demigod Transmuter on Aug 23, 2017.
             Slain by a centaur (6 damage)
             ... on level 6 of the Dungeon.
             The game lasted 00:19:03 (1539 turns).

tidbits the Insei (Demigod Transmuter)              Turns: 1539, Time: 00:19:03

Health: -2/46      AC:  2    Str: 13    XL:     6   Next: 41%
Magic:  10/12      EV: 25    Int: 21    God:
Gold:   104        SH:  0    Dex: 26    Spells: 3/9 levels left

rFire    . . .     SeeInvis .     - Unarmed
rCold    . . .     Gourm    .   (shield currently unavailable)
rNeg     . . .     Faith    .   (armour currently unavailable)
rPois    x         Spirit   .   (helmet currently unavailable)
rElec    .         Reflect  .   (cloak currently unavailable)
rCorr    .         Harm     .   (gloves currently unavailable)
MR       .....                  (boots currently unavailable)
Stlth    +++.......             (no amulet)
Regen    0.2/turn               (no ring)
MPRegen  0.2/turn               (no ring)

@: agile, spider-form
A: high mp 1
a: End Transformation


You were on level 6 of the Dungeon.
You were not hungry.
You were a venomous arachnid creature.
You visited 1 branch of the dungeon, and saw 6 of its levels.

You collected 104 gold pieces.

Inventory:

Missiles
 a - 36 arrows
 j - 4 javelins (quivered)
 m - 7 tomahawks
 n - a throwing net {!f}
Armour
 B - a +0 robe (melded)
 E - a +1 hat (melded)
Magical Staves
 e - an uncursed staff of energy {!a}
   (You found it on level 5 of the Dungeon)
Jewellery
 T - an uncursed ring of teleportation
   (You found it on level 5 of the Dungeon)
Wands
 q - a wand of confusion (46/48)
Scrolls
 b - a scroll of fog
 h - a scroll of recharging
 i - a scroll of identify
 k - 2 scrolls of noise
 t - 2 scrolls of teleportation
Potions
 f - a potion of cancellation
 l - a potion of haste
 o - a potion of agility
 r - 2 potions of ambrosia
Books
 c - a book of Changes

   Spells                             Type                      Level
   a - Beastly Appendage              Transmutation                1
   b - Sticks to Snakes               Transmutation                2
   c - Spider Form                    Transmutation/Poison         3
   d - Ice Form                       Ice/Transmutation            4
   e - Blade Hands                    Transmutation                5
Comestibles
 d - 6 bread rations
 p - 6 chunks of flesh
 s - 5 fruits
 u - a meat ration


   Skills:
 - Level 0.8 Fighting
 - Level 1.7 Dodging
 + Level 5.6 Unarmed Combat
 - Level 2.1 Spellcasting
 - Level 4.1 Transmutations


You had 3 spell levels left.
You knew the following spells:

 Your Spells              Type           Power        Failure   Level  Hunger
e - Beastly Appendage     Tmut           ###...       10%         1    #......
k - Sticks to Snakes      Tmut           ###.....     13%         2    ##.....
p - Spider Form           Tmut/Pois      ##........   38%         3    ###....


Dungeon Overview and Level Annotations

Branches:
Dungeon (6/15)             Temple (0/1) D:4

Shops:
D:4 (

Annotations:
D:3 Purgy, Sigmund


Innate Abilities, Weirdness & Mutations

You have an increased reservoir of magic. (+10% MP)


Message History

An adder skeleton comes into view.
Casting: Sticks to Snakes
Confirm with . or Enter, or press ? or * to list all spells.
You grow a pair of large bovine horns.
The shadow imp laughs crazily.
The shadow imp hits you.
Casting: Beastly Appendage
Confirm with . or Enter, or press ? or * to list all spells.
You miscast Sticks to Snakes.
You are very lightly contaminated with residual magic.
Nothing appears to happen.
The shadow imp hits you.
Casting: Sticks to Snakes
Confirm with . or Enter, or press ? or * to list all spells.
You create a snake!
You now have 36 arrows.
The shadow imp hits you.
You completely miss the shadow imp. You headbutt the shadow imp.
You punch the shadow imp.
The shadow imp is severely wounded.
The adder skeleton bites you.
The shadow imp hits you but does no damage.
Your ball python bites the shadow imp but does no damage.
Your ball python grabs the shadow imp.
Your ball python constricts the shadow imp.
You hit the shadow imp.
You kill the shadow imp!
The adder skeleton closely misses you.
You hit the adder skeleton. You headbutt the adder skeleton.
The adder skeleton is moderately damaged.
The adder skeleton bites you but does no damage.
Your ball python barely misses the adder skeleton.
Your ball python grabs the adder skeleton.
Your ball python constricts the adder skeleton.
You hit the adder skeleton.
The adder skeleton is severely damaged.
The adder skeleton bites you but does no damage.
Your ball python bites the adder skeleton.
Your ball python constricts the adder skeleton.
You hit the adder skeleton.
You destroy the adder skeleton!
You swap places.
You see here 7 gold pieces.
You now have 89 gold pieces (gained 7).
Some of the chunks of flesh in your inventory have rotted away.
Found a copper wand.
Found a cloak.
Found a scroll of identify.
You see here a wand of confusion (?/48).
q - a wand of confusion (?/48)
As you read the scroll of identify, it crumbles to dust.
q - a wand of confusion (46/48)
Your magical contamination has completely faded away.
Your transformation is almost over.
Found a scroll labeled YPLEUPPYECZA.
Found 15 gold pieces.
You see here a scroll of identify.
i - a scroll of identify Your horns disappear.
Found a stone staircase leading up.
You see here 15 gold pieces.
You now have 104 gold pieces (gained 15).
A centaur comes into view.
The centaur wields a shortbow.
The centaur shoots an arrow.
The arrow misses you.
The centaur shoots an arrow.
The arrow hits you!
* * * LOW HITPOINT WARNING * * *
You see here an arrow.
Casting: Sticks to Snakes
Confirm with . or Enter, or press ? or * to list all spells.
You turn into a venomous arachnid creature.
Your +1 hat melds into your body.
Your +0 robe melds into your body.
Your ball python withers and dies!
The centaur shoots an arrow.
The arrow hits you!
* * * LOW HITPOINT WARNING * * *
You feel agile all of a sudden.
The centaur shoots an arrow.
The arrow completely misses you.
The centaur shoots an arrow.
The arrow misses you.
Found a war axe.
The centaur shoots an arrow.
The arrow completely misses you.
You found a teleport trap!
The centaur unwields an uncursed shortbow.
The centaur closely misses you. The centaur hits you.
* * * LOW HITPOINT WARNING * * *
You feel better. The centaur completely misses you.
You hit the centaur.
The centaur is poisoned.
The centaur is lightly wounded.
The centaur barely misses you. The centaur misses you.
You hit the centaur.
The centaur looks as sick as possible!
The centaur is moderately wounded.
The centaur misses you.
You hit the centaur.
The centaur is heavily wounded.
The centaur completely misses you.
You hit the centaur but do no damage.
The centaur looks as sick as possible!
The centaur is heavily wounded.
The centaur hits you.
* * * LOW HITPOINT WARNING * * *
The centaur misses you.
You barely miss the centaur.
The centaur is severely wounded.
The centaur hits you.
You die...

####### ######
#.....####....#########
#........#.............
...............sc......
#................<^..#.
####.....(.(....###.#
#### #....(...#...#
....##....(...##.##
#.....###....##.#
.#.....###.?..##..
...............#.).
##......######.# ...


You could see a centaur.

Vanquished Creatures
  An ogre (D:3)
  A bullfrog (D:6)
  A howler monkey (D:6)
  A crimson imp (D:5)
  2 jellies
  A hound (D:5)
  A gnoll shaman (D:4)
  3 gnolls (D:4)
  5 adders
  A shadow imp (D:6)
  An ooze (D:1)
  An adder skeleton (D:6)
  A dart slug (D:2)
  3 leopard geckos
  An orc (D:3)
  2 bats
  A giant cockroach (D:1)
  2 goblins
  8 hobgoblins
  A quokka (D:4)
  A ball python (D:1)
  A frilled lizard (D:3)
  A kobold (D:2)
  4 rats (D:1)
45 creatures vanquished.

Vanquished Creatures (collateral kills)
  An adder (D:5)
  A worm (D:2)
  A giant cockroach (D:5)
  A hobgoblin (D:3)
4 creatures vanquished.

Grand Total: 49 creatures vanquished

Notes
Turn   | Place    | Note
-------+----------+-------------------------------------------
     0 | D:1      | tidbits the Demigod Transmuter began the quest for the Orb.
     0 | D:1      | Reached XP level 1. HP: 15/15 MP: 5/5
    53 | D:1      | Reached skill level 2 in Transmutations
    72 | D:1      | Reached skill level 2 in Spellcasting
   101 | D:1      | Reached XP level 2. HP: 17/22 MP: 4/7
   105 | D:1      | Learned a level 2 spell: Sticks to Snakes
   379 | D:2      | Reached skill level 3 in Unarmed Combat
   399 | D:3      | Reached XP level 3. HP: 24/27 MP: 4/8
   404 | D:3      | Learned a level 3 spell: Spider Form
   411 | D:3      | Found a deep blue altar of Sif Muna.
   437 | D:3      | Noticed Sigmund
   504 | D:3      | Noticed Purgy
   504 | D:3      | Noticed an ogre
   567 | D:4      | Found a shattered altar of Ashenzari.
   629 | D:4      | Found a staircase to the Ecumenical Temple.
   675 | D:4      | Reached skill level 3 in Transmutations
   682 | D:4      | Reached XP level 4. HP: 10/34 MP: 2/9
   769 | D:4      | Found Yteli's Antique Weapon Emporium.
   902 | D:3      | Killed an ogre
   902 | D:3      | Reached skill level 4 in Unarmed Combat
   902 | D:3      | Reached XP level 5. HP: 29/39 MP: 0/10
   935 | D:5      | Entered Level 5 of the Dungeon
  1245 | D:5      | Found an opulent altar of Gozag.
  1367 | D:5      | Reached skill level 5 in Unarmed Combat
  1429 | D:6      | Reached skill level 4 in Transmutations
  1429 | D:6      | Reached XP level 6. HP: 29/46 MP: 4/12
  1533 | D:6      | HP: 2/46 [centaur (6)]
  1538 | D:6      | HP: 4/46 [centaur (6)]
  1539 | D:6      | Slain by a centaur

Skill      XL: |  1  2  3  4  5 |
---------------+----------------+-----
Transmutations | 2 3 4 |  4.1
Spellcasting   | 2 |  2.1
Unarmed Combat | 3 4 5 |  5.6
Fighting       | |  0.8
Dodging        | |  1.7

Action                   |  1- 3 |  4- 6 || total
-------------------------+-------+-------++-------
Melee: Unarmed           |    81 |    55 ||   136
       Kick              |     8 |     2 ||    10
       Headbutt          |     9 |     5 ||    14
       Punch             |     1 |     1 ||     2
Throw: Javelin           |     2 |     8 ||    10
 Cast: Beastly Appendage |    15 |     3 ||    18
       Sticks to Snakes  |    10 |    11 ||    21
       Spider Form       |     4 |     8 ||    12
  Use: Scroll            |     5 |     7 ||    12
       Potion            |       |     2 ||     2
 Stab: Sleeping          |     1 |     1 ||     2
  Eat: Chunk             |       |     1 ||     1
       Meat ration       |       |     1 ||     1
Armor: Robe              |    11 |     3 ||    14
       Skin              |     1 |       ||     1
Dodge: Dodged            |    46 |    57 ||   103

Table legend:
 A = Turns spent in this place as a percentage of turns spent in the entire game.
 B = Non-inter-level travel turns spent in this place as a percentage of non-inter-level travel turns spent in the entire game.
 C = Inter-level travel turns spent in this place as a percentage of turns spent in this place.
 D = Turns resting spent in this place as a percentage of non-inter-level travel turns spent in this place.
 E = Turns spent auto-exploring this place as a percentage of non-inter-level travel turns spent in this place.
 F = Non-inter-level travel turns spent in this place divided by the number of levels of this place that you've seen.
                   A       B       C       D       E      F
               +-------+-------+-------+-------+-------+----------------------
         Total | 100.0 | 100.0 |   0.3 |   0.0 |   0.0 | 252.0
       Dungeon | 100.0 | 100.0 |   0.3 |   0.0 |   0.0 | 252.0
               +-------+-------+-------+-------+-------+----------------------

Table legend:
 A = Kills in this place as a percentage of kills in entire the game.
 B = Kills by you in this place as a percentage of kills by you in the entire game.
 C = Kills by friends in this place as a percentage of kills by friends in the entire game.
 D = Other kills in this place as a percentage of other kills in the entire game.
 E = Experience gained in this place as a percentage of experience gained in the entire game.
 F = Experience gained in this place divided by the number of levels of this place that you have seen.
                   A       B       C       D       E      F
               +-------+-------+-------+-------+-------+----------------------
         Total | 100.0 | 100.0 | 100.0 |  -nan | 100.0 | 104.7
       Dungeon | 100.0 | 100.0 | 100.0 |  -nan | 100.0 | 104.7
               +-------+-------+-------+-------+-------+----------------------

Vault maps used:
D:1:      dpeg_arrival_radiant
D:2:      first_bread
D:3:      lemuel_crystal_altar, lemuel_zombie_altar_yredelemnul, uniq_purgy,
          uniq_sigmund
D:4:      minmay_temple_entry_hall, serial_shops,
          nicolae_shop_competitors_out_of_business, grunt_decor_one_mirror,
          minmay_misc_feat_tiny, evilmike_ruin_ashenzari
D:5:      grunt_gozag_statues, guppyfry_early_lair_pool
